 Dungeon Crawl Stone Soup version 0.30.0-15-g856e2d3f33 (webtiles) character file.

Game seed: 1336272428700590268

301 RascalDebosk the Magician (level 6, 0/46 HPs)
             Began as a Djinni Reaver on May 20, 2023.
             Slain by Crazy Yiuf
             ... wielding a +4 quarterstaff of chaos
              (11 damage)
             ... on level 3 of the Dungeon.
             The game lasted 00:12:21 (1965 turns).

RascalDebosk the Magician (Djinni Reaver)           Turns: 1965, Time: 00:12:22

Health: 0/46       AC:  4    Str: 17    XL:     6   Next: 64%
Gold:   72         EV: 10    Int: 17    God:
                   SH:  7    Dex: 11

rFire   + + .        a - +0 falchion
rCold   x . .        m - +0 kite shield
rNeg    . . .        b - +0 leather armour
rPois   ∞            (no helmet)
rElec   .            (no cloak)
rCorr   .            g - +0 pair of gloves
SInv    .            (boots unavailable)
Will    .....        (no amulet)
Stlth   +            i - +6 ring of strength
HPRegen 0.27/turn    (no ring)
MPRegen 0.00/turn

%: infuse magic (-1 HP)
@: mighty, flying
A: sickness immunity, fire resistance 2, cold vulnerability 1, float, innate
caster, HP casting, extra vitality 1
a: no special abilities


You were on level 3 of the Dungeon.
You visited 1 branch of the dungeon, and saw 3 of its levels.

You collected 72 gold pieces.

Inventory:

Hand Weapons
 a - a +0 falchion (weapon)
Armour
 b - a +0 leather armour (worn)
 g - a +0 pair of gloves (worn)
 m - a +0 kite shield (worn)
Jewellery
 h - a ring of fire
 i - a +6 ring of strength (left hand)
Wands
 d - a wand of mindburst (18)
Scrolls
 c - a scroll of fear {unknown}
 e - a scroll of enchant weapon {unknown}
 j - 4 scrolls of blinking {unknown}
 l - a scroll of teleportation {unknown}
 o - a scroll of identify {unknown}
Potions
 f - 2 potions of lignification {unknown}
 k - a potion of flight {unknown}
 n - a potion of mutation {unknown}


   Skills:
 * Level 3.3 Fighting
 - Level 2.6 Long Blades
 + Level 1.5 Armour
 - Level 2.1 Dodging
 + Level 1.4 Shields
 * Level 4.5 Spellcasting


You knew the following spells:

 Your Spells              Type           Power      Damage    Failure   Level
a - Kiss of Death         Conj/Necr      76%        2d11      9%          1
b - Momentum Strike       Conj/Tloc      38%        3d9       13%         2
c - Hailstorm             Conj/Ice       19%        3d6       26%         3
d - Foxfire               Conj/Fire      76%        2x1d7     9%          1
e - Static Discharge      Conj/Air       38%        2-4/arc   13%         2
Your spell library was empty.

Dungeon Overview and Level Annotations

Branches:
Dungeon (3/15)

Altars:
Dithmenos
Fedhas
Nemelex Xobeh
Uskayaw

Annotations:
D:3 Crazy Yiuf


Innate Abilities, Weirdness & Mutations

You are immune to sickness and miasma.
You are immune to poison.
Your flesh is very heat resistant. (rF++)
You are vulnerable to cold. (rC-)
You float through the air rather than walking.
You learn spells naturally, not from books.
Your magical power is your life essence.
You have superior vitality. (+4 MHP)


Message History

Casting: Foxfire (safe; 9% risk of failure)
Confirm with . or Enter, or press ? or * to list all spells.
You conjure some foxfire!
The foxfire hits the quokka.
The quokka is almost dead.
The foxfire hits the quokka but does no damage.
The quokka is almost dead.
Casting: Foxfire (safe; 9% risk of failure)
Confirm with . or Enter, or press ? or * to list all spells.
You miscast Foxfire.
You are very lightly contaminated with residual magic.
Nothing appears to happen.
The foxfire hits the quokka.
You kill the quokka!
Your foxfire dissipates!
f - 2 puce potions (gained 1)
Your magical contamination has completely faded away.
You reach down and open the door.
Found a sparkling altar of Nemelex Xobeh.
There is an open door here.
There is a sparkling altar of Nemelex Xobeh here.
As you open the door, it creaks loudly!
There is an open door here.
Found 8 stones.
Found a ring mail.
You now have 72 gold pieces (gained 17).
You see here 8 stones.
The kobold shouts!
A giant cockroach comes into view.
You closely miss the giant cockroach. The giant cockroach barely misses you.
You hit the giant cockroach.
The giant cockroach is heavily wounded.
The giant cockroach barely misses you.
The giant cockroach bites you but does no damage.
You closely miss the giant cockroach.
The giant cockroach is heavily wounded.
You block the giant cockroach's attack.
You hit the giant cockroach but do no damage.
The giant cockroach is heavily wounded.
You block the giant cockroach's attack. x2
You closely miss the giant cockroach.
The giant cockroach is heavily wounded.
The giant cockroach misses you.
The giant cockroach bites you but does no damage.
You hit the giant cockroach.
You kill the giant cockroach!
Found a scroll labelled AMMIEX KOSMICH.
Found 3 stones.
o - a scroll labelled AMMIEX KOSMICH As you open the door, it creaks loudly!
There is an open door here.
There is a fountain of clear blue water here.
There is a fountain of clear blue water here.
As you open the door, it creaks loudly!
A quokka comes into view.
There is an open door here.
You hit the quokka.
The quokka is severely wounded.
The quokka bites you but does no damage.
You block the quokka's attack.
You hit the quokka.
You kill the quokka!
Found a hammer.
Found a runed translucent door.
Crazy Yiuf shouts!
Crazy Yiuf yells, "Trifle alas cower!"
You reach down and open the door.
Crazy Yiuf says, "Announcement bush hog!"
Casting: Foxfire (safe; 9% risk of failure)
Confirm with . or Enter, or press ? or * to list all spells.
Crazy Yiuf is struck by an arc of lightning.
Crazy Yiuf is lightly wounded.
You are struck by an arc of lightning.
The lightning grounds out.
Crazy Yiuf hits you with a +4 quarterstaff of chaos!
Space warps around you.
Casting: Static Discharge (safe; 13% risk of failure)
Confirm with . or Enter, or press ? or * to list all spells.
Crazy Yiuf is struck by an arc of lightning.
Crazy Yiuf is lightly wounded.
You are struck by an arc of lightning.
Crazy Yiuf is struck by an arc of lightning.
Crazy Yiuf is heavily wounded.
You are struck by an arc of lightning.
* * * LOW HITPOINT WARNING * * *
The lightning grounds out.
* * * LOW HITPOINT WARNING * * *
Crazy Yiuf hits you with a +4 quarterstaff of chaos!
* * * LOW HITPOINT WARNING * * *
You feel very mighty all of a sudden.
Unknown command.
Casting: Static Discharge (safe; 13% risk of failure)
Confirm with . or Enter, or press ? or * to list all spells.
Crazy Yiuf is struck by an arc of lightning.
Crazy Yiuf is severely wounded.
You are struck by an arc of lightning.
* * * LOW HITPOINT WARNING * * *
Crazy Yiuf is struck by an arc of lightning.
Crazy Yiuf is almost dead.
The lightning grounds out.
* * * LOW HITPOINT WARNING * * *
Crazy Yiuf sings, "Trees, trees, trees, circus!"
Crazy Yiuf hits you with a +4 quarterstaff of chaos!
You die...

#.###..........#_.÷÷.#.#..#.# #.#
#.#####.####.###########....###.#
#.......# #...# ##.#.....#
######### ##### #.#.####.
#.#...... ####....# ###
#######.#### #)..### ##P#..##.#
#...g@####.P......#
#...##..#.P......## ###
###.#.P#....# #######.>## ####
############ #.......##.#########
#.~~≈~≈.##..........
#.~###~.########....


You could see Crazy Yiuf.

Vanquished Creatures
  Grinder (D:3)
  Jessica (D:3)
  5 adders
  A worm (D:2)
  A bat (D:3)
  5 endoplasms
  A giant cockroach (D:3)
  A goblin (D:2)
  3 hobgoblins
  2 jackals (D:3)
  2 quokkas (D:3)
  3 ball pythons (D:2)
  2 frilled lizards (D:2)
  4 kobolds
  4 rats
36 creatures vanquished.

Vanquished Creatures (collateral kills)
  A foxfire (D:2)
1 creature vanquished.

Vanquished Creatures (others)
  104 foxfires
104 creatures vanquished.

Grand Total: 141 creatures vanquished

Notes
Turn   | Place    | Note
-------+----------+-------------------------------------------
     0 | D:1      | RascalDebosk the Djinni Reaver began the quest for the Orb.
     0 | D:1      | RascalDebosk set off with the following spells memorised:
                  | Kiss of Death, Momentum Strike, Hailstorm.
     0 | D:1      | Reached XP level 1. HP: 18/18 MP: 0/0
   103 | D:1      | You are sucked into a shaft and drop 1 floor!
   248 | D:2      | Reached XP level 2. HP: 20/23 MP: 0/0
   375 | D:2      | Reached skill level 3 in Spellcasting
   529 | D:2      | Reached XP level 3. HP: 20/28 MP: 0/0
   529 | D:2      | Learned a level 1 spell: Foxfire
  1119 | D:2      | Reached XP level 4. HP: 25/33 MP: 0/0
  1412 | D:3      | Found a blossoming altar of Fedhas.
  1433 | D:3      | Noticed Jessica
  1439 | D:3      | Killed Jessica
  1440 | D:3      | Reached skill level 4 in Spellcasting
  1587 | D:3      | Found a hide-covered altar of Uskayaw.
  1593 | D:3      | Found a shadowy altar of Dithmenos.
  1597 | D:3      | Reached XP level 5. HP: 36/38 MP: 0/0
  1597 | D:3      | Learned a level 2 spell: Static Discharge
  1645 | D:3      | Found a faded altar of an unknown god.
  1652 | D:3      | Noticed Grinder
  1664 | D:3      | Killed Grinder
  1665 | D:3      | Reached skill level 1 in Armour
  1665 | D:3      | Reached skill level 1 in Shields
  1665 | D:3      | Reached XP level 6. HP: 35/46 MP: 0/0
  1780 | D:3      | Found a sparkling altar of Nemelex Xobeh.
  1958 | D:3      | Found a runed translucent door.
  1959 | D:3      | Noticed Crazy Yiuf
  1965 | D:3      | Slain by Crazy Yiuf

Illustrated notes

Levels and vault maps discovered:
D:1:      minmay_arrival_glassed_features, layout_basic, hex_intersection,
          minmay_misc_feat_ornament
D:2:      wad_lake_hut, layout_loops_ring, grunt_ministairs_10
D:3:      layout_basic, nemelex_spade_bored_becter, overflow_temple_1_default,
          mainiacjoe_overflow_big_doors, shapermc_ecumenical_altar_pompeii,
          minmay_crystal_water, grunt_decor_arrowhead, interstate_on_off,
          corexii_shack, uniq_grinder, uniq_crazy_yiuf_cottage, uniq_jessica

Skill      XL: |  1  2  3  4  5 |
---------------+----------------+-----
Spellcasting   | 3 4 |  4.5
Fighting       | 3 |  3.3
Armour         | 1 |  1.5
Shields        | 1 |  1.4
Long Blades    | |  2.6
Dodging        | |  2.1

Action                     |  1- 3 |  4- 6 || total
---------------------------+-------+-------++-------
  Melee: Falchion          |    63 |     8 ||    71
   Cast: Foxfire           |    20 |    43 ||    63
         Static Discharge  |       |     4 ||     4
 Armour: Leather armour    |    16 |     3 ||    19
  Dodge: Dodged            |    26 |     5 ||    31
  Block: Kite shield       |       |     4 ||     4
